 Dungeon Crawl Stone Soup version 0.25-a0-804-g50c693f418 (webtiles) character file.

Game seed: 3640746845357645609, levelgen mode: deterministic

147 unvid the Skirmisher (level 5, 0/55 HPs)
             Began as an Octopode Fighter on Apr 19, 2020.
             Slain by an orc wizard
             ... wielding a +0 dagger
              (4 damage)
             ... on level 4 of the Dungeon.
             The game lasted 00:03:26 (2509 turns).

unvid the Skirmisher (Octopode Fighter)             Turns: 2509, Time: 00:03:27

Health: 0/55       AC:  1    Str: 15    XL:     5   Next: 29%
Magic:  5/5        EV: 11    Int: 11    God:
Gold:   83         SH:  8    Dex: 12    Spells: 4/4 levels left

rFire    . . .     SeeInvis .   a - +0 long sword
rCold    . . .     Gourm    .   b - +0 kite shield
rNeg     . . .     Faith    .   (helmet restricted)
rPois    .         Spirit   .   (no amulet)
rElec    .         Reflect  .   l - ring of flight
rCorr    .         Harm     .   (no ring)
MR       .....                  (no ring)
Stlth    ..........             (no ring)
HPRegen  0.18/turn              (no ring)
MPRegen  0.09/turn              (no ring)
                                (no ring)
                                (no ring)

@: berserking (expiring), very quick
A: almost no armour, stealthy swim, amphibious, 8 rings, constrict 8, camouflage
1, gelatinous body 1
a: Evoke Flight


You were on level 4 of the Dungeon.
You were not hungry.

You visited 1 branch of the dungeon, and saw 4 of its levels.

You collected 83 gold pieces.

Inventory:

Hand Weapons
 a - a +0 long sword (weapon)
Missiles
 p - 3 silver boomerangs (quivered)
Armour
 b - a +0 kite shield (worn)
Jewellery
 l - a ring of flight (left tentacle)
Scrolls
 e - a scroll of remove curse {unknown}
 i - 4 scrolls of identify {unknown}
 j - 2 scrolls of random uselessness {unknown}
 k - 3 scrolls of magic mapping {unknown}
 m - a scroll of enchant armour {unknown}
 n - a scroll of fear {unknown}
 o - a scroll of teleportation {unknown}
 s - a scroll of enchant weapon {unknown}
Potions
 c - a potion of might
 f - a potion of curing
 h - a potion of mutation {unknown}
 r - a potion of resistance {unknown}
Comestibles
 d - 8 rations


   Skills:
 + Level 4.1 Fighting
 + Level 3.4 Long Blades
 - Level 3.0 Dodging
 + Level 3.8 Stealth
 - Level 3.0 Shields


You had 4 spell levels left.
You didn't know any spells.
Your spell library was empty.

Dungeon Overview and Level Annotations

Branches:
Dungeon (4/15)
 Temple: D:4-7

Altars:
Ashenzari
Elyvilon


Innate Abilities, Weirdness & Mutations

You cannot wear most types of armour.
You are very stealthy in the water. (Stealth+)
You are amphibious.
You can wear up to eight rings at the same time.
You can use your tentacles to constrict eight enemies at once.
Your skin changes colour to match your surroundings (Stealth+).
Your rubbery body absorbs attacks. (AC +1, EV +1)


Message History

You miss something. Something hits you but does no damage.
You hear some strange, mumbled words.
A puff of frost appears from out of thin air!
The puff of frost misses you.
You hit something.
You hear some strange, mumbled words.
A puff of frost appears from out of thin air!
The puff of frost hits you.
* * * LOW HITPOINT WARNING * * *
You hit something. Something hits you.
* * * LOW HITPOINT WARNING * * *
You hear some strange, mumbled words.
You closely miss something. Your squeeze misses something.
You closely miss something. You squeeze something.
Reactivating autopickup.
You feel a bit more experienced.
Deactivating autopickup; reactivate with Ctrl-A.
You closely miss something. You closely miss something. Something hits you.
You die...

###'##
#######....o.
#.@).>)......
#.###.#.....
#.# #.+ ...
#.# ### . #.#
#.# #.# #.#
#.#


There were no monsters in sight!

Vanquished Creatures
  An orc wizard (D:4)
  2 adders
  An ooze (D:3)
  3 worms
  A dart slug (D:1)
  5 leopard geckos
  2 orcs
  2 ball pythons
  5 giant cockroaches
  7 hobgoblins
  7 jackals
  10 kobolds
  A quokka (D:2)
  6 bats
  3 frilled lizards
  9 goblins
  A quokka skeleton (D:4)
  11 rats
77 creatures vanquished.

Vanquished Creatures (others)
  A giant cockroach (D:2)
1 creature vanquished.

Grand Total: 78 creatures vanquished

Notes
Turn   | Place    | Note
-------+----------+-------------------------------------------
     0 | D:1      | unvid the Octopode Fighter began the quest for the Orb.
     0 | D:1      | Reached XP level 1. HP: 16/16 MP: 1/1
    59 | D:1      | Reached skill level 1 in Stealth
    76 | D:1      | Reached XP level 2. HP: 21/21 MP: 2/2
   151 | D:1      | Reached XP level 3. HP: 9/26 MP: 3/3
  1042 | D:2      | Found a shattered altar of Ashenzari.
  1191 | D:2      | Found a white marble altar of Elyvilon.
  1248 | D:2      | Reached XP level 4. HP: 33/33 MP: 4/4
  2442 | D:4      | Reached skill level 4 in Fighting
  2486 | D:4      | Reached XP level 5. HP: 37/37 MP: 5/5
  2509 | D:4      | Slain by an orc wizard

Levels and vault maps discovered:
D:1:      wander_arrival_abandoned_jail, layout_basic, minivault_4,
          minmay_misc_feat_chi, minmay_nonomino_d4
D:2:      layout_loops_ring, evilmike_ruin_ashenzari, elyvilon_altar_4
D:3:      layout_basic
D:4:      cheibrodos_old_hovel, layout_basic, chequers_serial_rivers_micro_a

Skill      XL: |  1  2  3  4 |
---------------+-------------+-----
Stealth        | 1 2 3 |  3.8
Long Blades    | 3 |  3.4
Fighting       | 4 |  4.1
Dodging        | |  3.0
Shields        | |  3.0

Action                   |  1- 3 |  4- 6 || total
-------------------------+-------+-------++-------
Melee: Long sword        |    73 |    58 ||   131
       Constrict         |    21 |    16 ||    37
       Tentacles         |    14 |    11 ||    25
Throw: Boomerang         |       |    17 ||    17
  Use: Potion            |       |     5 ||     5
 Stab: Sleeping          |     8 |     8 ||    16
       Distracted        |       |     1 ||     1
  Eat: Chunk             |     1 |     4 ||     5
Armor: Skin              |     7 |       ||     7
Dodge: Dodged            |    31 |    14 ||    45
Block: Kite shield       |    37 |    24 ||    61
       Rpst.: Long sword |    15 |     3 ||    18

Table legend:
 A = Non-vault XP
 B = Vault XP
 C = Vault XP percentage of total XP
 D = Non-vault monster count
 E = Vault monster count
 F = Vault count percentage of total count
                 A         B        C        D         E       F
            +---------+---------+-------+---------+---------+-------
      Total |     197 |      14 |   6.6 |      70 |       7 |   9.1
            +---------+---------+-------+---------+---------+-------
        D:1 |      30 |      14 |  31.8 |      18 |       7 |  28.0
        D:2 |      54 |       0 |   0.0 |      30 |       0 |   0.0
        D:3 |      51 |       0 |   0.0 |      17 |       0 |   0.0
        D:4 |      62 |       0 |   0.0 |       5 |       0 |   0.0
            +---------+---------+-------+---------+---------+-------
